 Dungeon Crawl Stone Soup version 0.31-a0-152-g6aa68a64a1 (webtiles) character file.

Game seed: 6310582916452144483

51111 qw the Marksgargoyle (level 14, -7/94 HPs)
             Began as a Gargoyle Hunter on June 10, 2023.
             Was an Elder of Okawaru.
             Mangled by a spectral boulder beetle (12 damage)
             ... in a Gauntlet.
             The game lasted 00:07:02 (16630 turns).

qw the Marksgargoyle (Gargoyle Hunter)             Turns: 16630, Time: 00:07:02

Health: -7/94      AC: 32    Str: 17    XL:     14   Next: 58%
Magic:  21/21      EV: 19    Int: 15    God:    Okawaru [****..]
Gold:   1019       SH:  0    Dex: 17    Spells: 13/13 levels left

rFire   . . .        Y - +7 arbalest (heavy)
rCold   + . .        (shield currently unavailable)
rNeg    + . .        e - +3 leather armour {rC+}
rPois   inf          i - +2 helmet "Iweug" {Int+3 Slay+2}
rElec   +            j - +0 cloak
rCorr   .            r - +1 pair of gloves of Amorality {Str+3}
SInv    +            v - +1 pair of boots {Fly}
Will    +....        (no amulet)
Stlth   +++          q - ring of see invisible
HPRegen 0.35/turn    t - +4 ring of protection
MPRegen 0.17/turn

%: no teleportation
@: heroic, flying, slowed, very slow
A: sickness immunity, AC +10, big wings, negative energy resistance 1,
electricity resistance, torment resistance 1, petrification resistance
a: Renounce Religion, Heroism, Finesse


You were in a Gauntlet.
You worshipped Okawaru.
Okawaru was greatly pleased with you.
You visited 3 branches of the dungeon, and saw 18 of its levels.
You also visited: Gauntlet.

You collected 1192 gold pieces.
You spent 173 gold pieces at shops.


Innate Abilities, Weirdness & Mutations

You are immune to sickness and miasma.
Your stone body is resilient. (AC +10)
You are immune to poison.
Your large and strong wings let you fly.
You resist negative energy. (rN+)
You are resistant to electric shocks. (rElec)
You are resistant to unholy torment.
You are immune to petrification.


   Skills:
 - Level 13.0(18.0) Fighting
 - Level 18.0(23.0) Ranged Weapons
 + Level 6.6(11.6) Armour
 - Level 7.0(12.0) Dodging
 - Level 1.1(6.1) Stealth
 - Level 10.0 Invocations


You had 13 spell levels left.
You didn't know any spells.
Your spell library was empty.

Inventory:

Hand Weapons
 Y - a +7 heavy arbalest (weapon)
Armour
 e - a +3 leather armour of cold resistance (worn)
 i - the +2 helmet "Iweug" (worn) {Int+3 Slay+2}
   (You took it off Robin on level 4 of the Dungeon)

   Int:       It affects your intelligence (+3).
   Slay:      It affects your accuracy & damage with ranged weapons and melee
   (+2).
 j - a +0 cloak (worn)
 r - the +1 pair of gloves of Amorality (worn) {Str+3}
   (You found it in a Gauntlet)

   Str:       It affects your strength (+3).
 v - a +1 pair of boots of flying (worn)
 w - a +0 troll leather armour
 x - a +1 robe of resistance
 y - +0 acid dragon scales
Jewellery
 c - a ring of ice
 h - a ring of fire
 m - a ring of protection from cold
 q - a ring of see invisible (left hand)
 t - a +4 ring of protection (right hand)
 u - a +6 ring of strength
Scrolls
 a - 8 scrolls of identify
 k - 2 scrolls of teleportation
Potions
 d - 4 potions of might
 f - 6 potions of curing
 g - a potion of cancellation
 l - 2 potions of lignification
 n - a potion of mutation
 o - a potion of attraction
 p - 5 potions of haste

Dungeon Overview and Level Annotations

Branches:
Dungeon (12/15)            Temple (1/1) D:6            Lair (5/5) D:10
 Shoals (0/4) Lair:2       Spider (0/4) Lair:2        Slime (0/5) Lair:5
    Orc (0/2) D:11        Gauntlet (1/1)

Altars:
Ashenzari
Cheibriados
Dithmenos
Elyvilon
Fedhas
Gozag
Hepliaklqana
Kikubaaqudgha
Makhleb
Nemelex Xobeh
Okawaru
Qazlal
Ru
Sif Muna
Trog
Uskayaw
Vehumet
Wu Jian
Xom
Yredelemnul
Zin
The Shining One
Jiyva

Shops:
D:3 ![

Annotations:
Lair:5 4 runed translucent doors, qw's ghost, journeyman NaHu Gauntlet 11 transporters


Message History

You feel much better. The death scarab bites you! The death scarab misses you.
The spectral fire crab bites you but does no damage.
The spectral fire crab claws you but does no damage.
The spectral boulder beetle bites you.
The spectral death yak completely misses you.
The spectral death yak barely misses you.
The death scarab bites you. The death scarab drains your vigour!
You feel as though you will be slow longer.
16629 ||| DRINKING potion of heal wounds.
You feel much better. The death scarab bites you!
The death scarab misses you. x2
The spectral fire crab bites you but does no damage.
The spectral fire crab completely misses you.
The spectral boulder beetle barely misses you.
The spectral death yak gores you but does no damage.
The spectral death yak completely misses you.
The spectral death yak barely misses you.
The spectral death yak completely misses you.
The spectral fire crab barely misses you.
The spectral fire crab claws you but does no damage.
The spectral boulder beetle barely misses you.
You shoot a bolt.
The bolt hits the spectral boulder beetle!!!
The spectral boulder beetle is severely damaged.
The death scarab bites you. The death scarab drains your vigour!
You feel as though you will be slow longer.
The death scarab misses you. The death scarab bites you.
The spectral fire crab completely misses you.
The spectral fire crab misses you.
The spectral boulder beetle bites you but does no damage.
The spectral death yak gores you!
The spectral death yak closely misses you.
The death scarab bites you but does no damage.
The spectral death yak barely misses you.
The spectral fire crab closely misses you.
The spectral fire crab claws you but does no damage.
The spectral death yak gores you but does no damage.
The spectral boulder beetle bites you!
You die...

##########.#########.####
#¤.......#.#..¤\~..#.#...
###........#^#.......#^#...
#8#..###########...########
###..#.........#...#.......
#....#.........#...#.##...#
###....#..#...#.(#...#[#.#.#.
#8#..###...B....[#...#..##.##
###..#^#...Z@Z..^#...#^.#t^.#
#..#.#...ZZ....#...#$.##.##
###..#.#..#..B#.?#...#?#.#.#.
#8#..#.#.......Z.#...#.##...#
#######..#.#........B#...#.......
#........#.###########...########
#........#.#...........¤.........
...#######.#######....~8¤....####
...#^...........^#.....~.....#^..


You could see 2 spectral death yaks, a spectral fire crab, a spectral boulder
beetle and 2 death scarabs.

Vanquished Creatures
  3 hydras
  Erolcha (D:10)
  2 boulder beetles
  3 two-headed ogres
  Erica (Lair:2)
  A catoblepas (Lair:2)
  Urug (Lair:5)
  2 lindwurms (Lair:4)
  A cyclops (D:12)
  An oklob plant (Lair:5)
  A manticore (D:12)
  2 black mambas
  9 elephants
  4 cane toads
  3 torpor snails
  An unseen horror (D:12)
  2 gargoyles
  2 rime drakes
  11 komodo dragons
  A queen bee (Lair:4)
  4 trolls
  6 meliai
  5 polar bears
  4 hornets (Lair:5)
  18 blink frogs
  7 dream sheep (Lair:4)
  A centaur simulacrum (Gauntlet)
  10 spriggans (Lair:5)
  4 slime creatures (D:12)
  2 jumping spiders (Lair:2)
  5 wyverns
  A vampire (D:11)
  3 shadows
  47 yaks
  A redback (Lair:2)
  4 basilisks
  2 steam dragons
  7 vampire mosquitoes (D:12)
  2 wargs (D:11)
  2 acid dragons
  10 water moccasins
  A meliai simulacrum (Gauntlet)
  8 black bears
  4 orc warriors
  An ice beast (D:8)
  38 wolves
  3 ogres
  5 boggarts (Lair:5)
  A phantom (D:5)
  3 centaurs
  4 kobold brigands
  2 gnoll sergeants
  12 bullfrogs
  2 scorpions
  A cane toad simulacrum (Gauntlet)
  32 killer bees
  2 electric eels (Lair:5)
  3 howler monkeys
  A crimson imp (D:9)
  7 orc priests
  6 hounds
  4 jellies
  2 sleepcaps
  9 orc wizards
  Robin (D:4)
  4 adders
  8 gnolls
  A river rat (Lair:4)
  An ufetubus (D:7)
  A worm (D:2)
  2 dart slugs (D:1)
  37 orcs
  5 ball pythons
  4 bats
  5 endoplasms
  4 giant cockroaches
  26 goblins
  10 hobgoblins
  4 jackals (D:2)
  6 quokkas
  2 frilled lizards (D:1)
  22 kobolds
  6 rats
  A spectral goblin (D:10)
498 creatures vanquished.

Vanquished Creatures (others)
  3 gnolls
3 creatures vanquished.

Grand Total: 501 creatures vanquished

Notes
Turn   | Place    | Note
-------+----------+-------------------------------------------
     0 | D:1      | qw the Gargoyle Hunter began the quest for the Orb.
     0 | D:1      | Reached XP level 1. HP: 12/12 MP: 1/1
     0 | D:1      | 0 ||| qw: Version: 0.2-a-29-gd901d54
     0 | D:1      | 0 ||| qw: Game counter: 3978
     0 | D:1      | 0 ||| qw: Always use a shield: true
     0 | D:1      | 0 ||| qw: God list: Okawaru
     0 | D:1      | 0 ||| qw: Allow faded altars: false
     0 | D:1      | 0 ||| qw: Do Orc after D:15 true
     0 | D:1      | 0 ||| qw: Do second Lair branch before Depths: true
     0 | D:1      | 0 ||| qw: Lair rune preference: random
     0 | D:1      | 0 ||| qw: Plans: Normal, Zot:1-4, Slime:5, God:TSO, Crypt,
                  | Tomb, Abyss, Pan, Hells, Win
     0 | D:1      | 0 ||| PLANNING D:1-11
   178 | D:1      | Reached XP level 2. HP: 17/17 MP: 2/2
   592 | D:1      | Reached XP level 3. HP: 21/21 MP: 3/3
   611 | D:1      | Reached skill level 5 in Ranged Weapons
   727 | D:1      | 727 ||| UPGRADING to +0 ring mail.
   737 | D:1      | 737 ||| DROPPING +0 leather armour.
   738 | D:1      | 738 ||| READING 3 scrolls labelled ETEMES WUOTITIGAF.
   739 | D:1      | 739 ||| READING scroll labelled FENORAI LOQERR.
   740 | D:1      | 740 ||| READING scroll labelled ZEREPNATUJ.
   743 | D:1      | 743 ||| DRINKING 2 fizzy dark potions.
   744 | D:1      | 744 ||| READING 2 scrolls of identify.
   744 | D:1      | 744 ||| IDENTIFYING smoky coppery potion
   745 | D:1      | 745 ||| DROPPING scroll of butterflies.
   746 | D:1      | 746 ||| DROPPING potion of invisibility.
   832 | D:2      | Reached skill level 1 in Armour
   866 | D:2      | 866 ||| READING scroll of enchant weapon.
   866 | D:2      | 866 ||| ENCHANTING +1 shortbow.
   911 | D:2      | Found a white marble altar of Elyvilon.
  1279 | D:2      | Reached skill level 3 in Fighting
  1279 | D:2      | Reached XP level 4. HP: 27/28 MP: 4/4
  1648 | D:2      | Found a faded altar of an unknown god.
  1712 | D:2      | 1712 ||| UPGRADING to +0 pair of gloves.
  1717 | D:2      | 1717 ||| READING scroll labelled KUF LUTOQINIM.
  1718 | D:2      | 1718 ||| READING scroll labelled MEKIUKKULI.
  1719 | D:2      | 1719 ||| READING 3 scrolls of identify.
  1719 | D:2      | 1719 ||| IDENTIFYING inky potion
  1720 | D:2      | 1720 ||| DROPPING potion of ambrosia.
  1800 | D:3      | Found Yrid Qah's Distillery.
  1812 | D:3      | 1812 ||| SHOPLISTING 2 potions of heal wounds (110 gold,
                  | have 98).
  1812 | D:3      | 1812 ||| BUYING 2 potions of might (88 gold).
  1812 | D:3      | Bought 2 potions of might for 88 gold pieces
  1812 | D:3      | 1812 ||| SHOPLISTING potion of curing (33 gold, have 10).
  1812 | D:3      | 1812 ||| SHOPLISTING potion of heal wounds (55 gold, have
                  | 10).
  1964 | D:3      | Found a faded altar of an unknown god.
  1968 | D:3      | Found an ancient bone altar of Kikubaaqudgha.
  2195 | D:3      | Noticed an ogre
  2202 | D:3      | Killed an ogre
  2203 | D:3      | Reached skill level 6 in Ranged Weapons
  2203 | D:3      | Reached XP level 5. HP: 22/32 MP: 5/5
  2248 | D:3      | Found Zezittuat's Antique Armour Boutique.
  2260 | D:3      | 2260 ||| BUYING cloak (85 gold).
  2260 | D:3      | Bought a cloak for 85 gold pieces
  2260 | D:3      | 2260 ||| SHOPLISTING dyed leather armour (95 gold, have 0).
  2260 | D:3      | 2260 ||| SHOPLISTING glowing leather armour (95 gold, have
                  | 0).
  2260 | D:3      | 2260 ||| SHOPLISTING helmet (85 gold, have 0).
  2260 | D:3      | 2260 ||| SHOPLISTING pair of embroidered boots (142 gold,
                  | have 0).
  2444 | D:3      | Found an ornate altar of the Wu Jian Council.
  2469 | D:3      | 2469 ||| READING scroll of enchant weapon.
  2469 | D:3      | 2469 ||| ENCHANTING +2 shortbow.
  2547 | D:3      | 2547 ||| UPGRADING to +3 leather armour of cold resistance.
  2557 | D:3      | 2557 ||| UPGRADING to +0 cloak.
  2562 | D:3      | 2562 ||| DROPPING +0 ring mail.
  2563 | D:3      | 2563 ||| READING scroll labelled TYRUIV SORUVA.
  2563 | D:3      | Identified a scroll of acquirement
  2563 | D:3      | 2563 ||| ACQUIRING +1 shortbow of freezing
  2563 | D:3      | Acquired a +1 shortbow of freezing
  2564 | D:3      | 2564 ||| READING 5 scrolls of identify.
  2564 | D:3      | 2564 ||| IDENTIFYING brown potion
  2565 | D:3      | 2565 ||| DROPPING potion of brilliance.
  2615 | D:4      | 2615 ||| STAIRDANCE
  2664 | D:4      | 2664 ||| STAIRDANCE
  2697 | D:4      | 2697 ||| STAIRDANCE
  2747 | D:4      | Reached XP level 6. HP: 38/38 MP: 6/6
  2758 | D:4      | HP: 9/38 [orc priest/nerve-wracking pain (6)]
  2759 | D:4      | HP: 4/38 [orc priest/+0 hand axe (6)]
  2765 | D:4      | 2765 ||| FLEEEEING.
  2766 | D:4      | 2766 ||| STAIRDANCE
  2902 | D:4      | Found a stormy altar of Qazlal.
  2915 | D:4      | 2915 ||| STAIRDANCE
  2919 | D:4      | 2919 ||| STAIRDANCE
  2923 | D:4      | 2923 ||| STAIRDANCE
  2927 | D:4      | 2927 ||| STAIRDANCE
  2931 | D:4      | 2931 ||| STAIRDANCE
  2935 | D:4      | 2935 ||| STAIRDANCE
  2939 | D:4      | 2939 ||| STAIRDANCE
  2943 | D:4      | 2943 ||| STAIRDANCE
  2947 | D:4      | 2947 ||| STAIRDANCE
  2951 | D:4      | 2951 ||| STAIRDANCE
  2955 | D:4      | 2955 ||| STAIRDANCE
  2959 | D:4      | 2959 ||| STAIRDANCE
  2963 | D:4      | 2963 ||| STAIRDANCE
  2967 | D:4      | 2967 ||| STAIRDANCE
  2971 | D:4      | 2971 ||| STAIRDANCE
  2975 | D:4      | 2975 ||| STAIRDANCE
  3053 | D:4      | Reached skill level 7 in Ranged Weapons
  3053 | D:4      | 3053 ||| FLEEEEING.
  3075 | D:4      | Reached XP level 7. HP: 43/43 MP: 7/7
  3075 | D:4      | Found a hide-covered altar of Uskayaw.
  3100 | D:4      | Identified the +2 helmet "Iweug" {Int+3 Slay+2}
  3100 | D:4      | Noticed Robin
  3114 | D:4      | Killed Robin
  3320 | D:4      | 3320 ||| UPGRADING to +2 helmet "Iweug" {Int+3 Slay+2}.
  3325 | D:4      | 3325 ||| READING scroll labelled QUFYNO UBRE.
  3349 | D:5      | Entered Level 5 of the Dungeon
  3355 | D:5      | 3355 ||| DRINKING 3 potions of curing.
  3355 | D:5      | 3355 ||| (to cure confusion)
  3359 | D:5      | Found a shadowy altar of Dithmenos.
  3359 | D:5      | Found a white marble altar of Elyvilon.
  3443 | D:5      | Reached skill level 8 in Ranged Weapons
  3554 | D:5      | Reached XP level 8. HP: 49/49 MP: 8/8
  3565 | D:5      | Reached skill level 9 in Ranged Weapons
  3889 | D:5      | 3889 ||| READING scroll labelled SAZ LAPATOT.
  3890 | D:5      | 3890 ||| READING scroll labelled SUERCH SUGECIU.
  3891 | D:5      | 3891 ||| READING scroll labelled BAOKLA VYRAP.
  3892 | D:5      | 3892 ||| READING 6 scrolls of identify.
  3892 | D:5      | 3892 ||| IDENTIFYING orange potion
  3941 | D:6      | 3941 ||| Stepping ~*~*~tactically~*~*~ (outnumbered).
  3943 | D:6      | 3943 ||| Stepping ~*~*~tactically~*~*~ (outnumbered).
  3949 | D:6      | Reached skill level 6 in Fighting
  4246 | D:6      | Found a staircase to the Ecumenical Temple.
  4247 | D:6      | 4247 ||| PLANNING TEMPLE
  4247 | D:6      | 4247 ||| READING 2 scrolls labelled HEWNEONURE.
  4248 | D:6      | 4248 ||| READING scroll labelled DORRAO TUUT.
  4249 | D:6      | 4249 ||| DRINKING 2 lumpy dark potions.
  4250 | D:6      | 4250 ||| READING 6 scrolls of identify.
  4250 | D:6      | 4250 ||| IDENTIFYING yellow potion
  4251 | D:6      | 4251 ||| DROPPING scroll of amnesia.
  4252 | D:6      | 4252 ||| DROPPING potion of degeneration.
  4262 | Temple   | Entered the Ecumenical Temple
  4263 | Temple   | 4263 ||| PLANNING OKAWARU WORSHIP
  4367 | Temple   | Became a worshipper of Warmaster Okawaru
  4367 | Temple   | 4367 ||| PLANNING D:1-11
  4687 | D:7      | Reached skill level 10 in Ranged Weapons
  4693 | D:7      | Reached XP level 9. HP: 56/56 MP: 9/9
  4700 | D:7      | 4700 ||| READING scroll of enchant weapon.
  4700 | D:7      | 4700 ||| ENCHANTING +3 shortbow.
  4763 | D:7      | 4763 ||| Stepping ~*~*~tactically~*~*~ (cloud).
  4765 | D:7      | 4765 ||| Stepping ~*~*~tactically~*~*~ (cloud).
  4768 | D:7      | Reached * piety under Okawaru
  4769 | D:7      | 4769 ||| INVOKING Heroism.
  4770 | D:7      | 4770 ||| FLEEEEING.
  4771 | D:7      | 4771 ||| FLEEEEING.
  4772 | D:7      | 4772 ||| FLEEEEING.
  4773 | D:7      | 4773 ||| INVOKING Heroism.
  4774 | D:7      | 4774 ||| FLEEEEING.
  4775 | D:7      | 4775 ||| FLEEEEING.
  4776 | D:7      | 4776 ||| FLEEEEING.
  4777 | D:7      | 4777 ||| FLEEEEING.
  4778 | D:7      | 4778 ||| FLEEEEING.
  4779 | D:7      | 4779 ||| FLEEEEING.
  4780 | D:7      | 4780 ||| FLEEEEING.
  4781 | D:7      | 4781 ||| FLEEEEING.
  4782 | D:7      | 4782 ||| FLEEEEING.
  4783 | D:7      | 4783 ||| FLEEEEING.
  4784 | D:7      | 4784 ||| FLEEEEING.
  4785 | D:7      | 4785 ||| FLEEEEING.
  4786 | D:7      | 4786 ||| FLEEEEING.
  4787 | D:7      | 4787 ||| FLEEEEING.
  4788 | D:7      | 4788 ||| FLEEEEING.
  4789 | D:7      | 4789 ||| FLEEEEING.
  4790 | D:7      | 4790 ||| FLEEEEING.
  4793 | D:7      | 4793 ||| FLEEEEING.
  4794 | D:7      | 4794 ||| FLEEEEING.
  4795 | D:7      | 4795 ||| FLEEEEING.
  4796 | D:7      | 4796 ||| FLEEEEING.
  4797 | D:7      | 4797 ||| FLEEEEING.
  4798 | D:7      | 4798 ||| STAIRDANCE
  4886 | D:6      | 4886 ||| READING 7 scrolls of identify.
  4886 | D:6      | 4886 ||| IDENTIFYING cyan potion
  4964 | D:7      | 4964 ||| INVOKING Heroism.
  5144 | D:7      | 5144 ||| SWAPPING to +6 arbalest.
  5145 | D:7      | 5145 ||| DROPPING +0 orcbow.
  5146 | D:7      | 5146 ||| DROPPING +4 shortbow.
  5333 | D:7      | Found a glowing golden altar of the Shining One.
  5381 | D:7      | Reached skill level 3 in Dodging
  5527 | D:7      | 5527 ||| UPGRADING to ring of protection from cold.
  5528 | D:7      | 5528 ||| UPGRADING to ring of fire.
  5529 | D:7      | 5529 ||| UPGRADING to ring of see invisible.
  5531 | D:7      | 5531 ||| REMOVING ring of fire.
  5532 | D:7      | 5532 ||| UPGRADING to ring of protection from cold.
  5533 | D:7      | 5533 ||| READING scroll labelled MYUGES CUOG.
  5572 | D:7      | 5572 ||| READING 7 scrolls of identify.
  5572 | D:7      | 5572 ||| IDENTIFYING bubbling orange potion
  5573 | D:7      | 5573 ||| READING 6 scrolls of identify.
  5573 | D:7      | 5573 ||| IDENTIFYING fuming golden potion
  5574 | D:7      | 5574 ||| READING 5 scrolls of identify.
  5574 | D:7      | 5574 ||| IDENTIFYING dark potion
  5575 | D:7      | 5575 ||| DROPPING potion of enlightenment.
  5601 | D:8      | 5601 ||| INVOKING Heroism.
  5656 | D:8      | Noticed a two-headed ogre
  5666 | D:8      | Killed a two-headed ogre
  5667 | D:8      | Reached skill level 11 in Ranged Weapons
  5841 | D:8      | 5841 ||| INVOKING Heroism.
  5843 | D:8      | Reached skill level 3 in Armour
  5843 | D:8      | Reached skill level 1 in Invocations
  5948 | D:8      | Reached ** piety under Okawaru
  5954 | D:8      | 5954 ||| INVOKING Heroism.
  6228 | D:9      | Found a sparkling altar of Nemelex Xobeh.
  6243 | D:9      | Reached skill level 3 in Invocations
  6243 | D:9      | Reached XP level 10. HP: 64/64 MP: 12/12
  6253 | D:9      | 6253 ||| INVOKING Heroism.
  6517 | D:9      | Reached skill level 12 in Ranged Weapons
  6564 | D:9      | 6564 ||| INVOKING Heroism.
  6565 | D:9      | 6565 ||| Stepping ~*~*~tactically~*~*~ (outnumbered).
  6577 | D:9      | 6577 ||| INVOKING Heroism.
  6666 | D:9      | Found a radiant altar of Vehumet.
  6738 | D:9      | Found a shimmering blue altar of Sif Muna.
  6756 | D:9      | Found a burning altar of Makhleb.
  6798 | D:9      | 6798 ||| Stepping ~*~*~tactically~*~*~ (outnumbered).
  6805 | D:9      | 6805 ||| Stepping ~*~*~tactically~*~*~ (outnumbered).
  7017 | D:9      | Noticed a gargoyle
  7020 | D:9      | Killed a gargoyle
  7032 | D:9      | 7032 ||| UPGRADING to +0 pair of boots.
  7037 | D:9      | 7037 ||| UPGRADING to +4 ring of protection.
  7039 | D:9      | 7039 ||| READING scroll labelled PIKHOT TOUBUE.
  7089 | D:10     | Entered Level 10 of the Dungeon
  7142 | D:10     | Noticed Erolcha
  7143 | D:10     | 7143 ||| INVOKING Heroism.
  7151 | D:10     | Killed Erolcha
  7152 | D:10     | Reached skill level 13 in Ranged Weapons
  7215 | D:10     | 7215 ||| INVOKING Heroism.
  7219 | D:10     | Reached *** piety under Okawaru
  7260 | D:10     | 7260 ||| INVOKING Heroism.
  7310 | D:10     | Found a broken altar of Ashenzari.
  7341 | D:10     | Found a staircase to the Lair.
  7354 | D:10     | 7354 ||| INVOKING Heroism.
  7360 | D:10     | Reached skill level 9 in Fighting
  7360 | D:10     | Reached XP level 11. HP: 71/71 MP: 11/14
  7377 | D:10     | Noticed a two-headed ogre
  7378 | D:10     | 7378 ||| INVOKING Heroism.
  7380 | D:10     | Killed a two-headed ogre
  7911 | D:10     | Found a hazy altar of Hepliaklqana.
  8193 | D:10     | 8193 ||| PLANNING LAIR
  8193 | D:10     | 8193 ||| DROPPING scarf of shadows.
  8313 | Lair:1   | Entered Level 1 of the Lair of Beasts
  8314 | Lair:1   | 8314 ||| INVOKING Heroism.
  8338 | Lair:1   | Reached skill level 14 in Ranged Weapons
  8338 | Lair:1   | 8338 ||| STAIRDANCE
  8340 | D:10     | 8340 ||| INVOKING Heroism.
  8419 | Lair:1   | 8419 ||| STAIRDANCE
  8421 | D:10     | 8421 ||| INVOKING Heroism.
  8571 | Lair:1   | Reached **** piety under Okawaru
  8588 | Lair:1   | 8588 ||| INVOKING Heroism.
  8725 | Lair:1   | Noticed a boulder beetle
  8726 | Lair:1   | 8726 ||| INVOKING Heroism.
  8748 | Lair:1   | 8748 ||| INVOKING Heroism.
  8750 | Lair:1   | Killed a boulder beetle
  8946 | Lair:1   | 8946 ||| INVOKING Heroism.
  8982 | Lair:1   | 8982 ||| INVOKING Heroism.
  9046 | Lair:1   | Identified the staff of conjuration "Ulecemu" {Stlth+}
  9079 | Lair:1   | 9079 ||| INVOKING Heroism.
  9423 | Lair:1   | 9423 ||| DROPPING amulet of magic regeneration.
  9424 | Lair:1   | 9424 ||| READING 8 scrolls of identify.
  9424 | Lair:1   | 9424 ||| IDENTIFYING fuming clear potion
  9460 | Lair:2   | Noticed Erica
  9461 | Lair:2   | 9461 ||| INVOKING Heroism.
  9465 | Lair:2   | Killed Erica
  9490 | Lair:2   | Reached skill level 15 in Ranged Weapons
  9502 | Lair:2   | 9502 ||| INVOKING Heroism.
  9507 | Lair:2   | Reached XP level 12. HP: 76/77 MP: 12/15
  9554 | Lair:2   | Found a staircase to the Shoals.
  9585 | Lair:2   | Found a hole to the Spider Nest.
  9712 | Lair:2   | Noticed a catoblepas
  9713 | Lair:2   | 9713 ||| INVOKING Heroism.
  9721 | Lair:2   | Killed a catoblepas
  9796 | Lair:2   | You fall into a shaft and drop 2 floors!
  9800 | Lair:4   | Reached skill level 6 in Invocations
  9801 | Lair:4   | 9801 ||| INVOKING Heroism.
  9805 | Lair:4   | HP: 16/77 [yak (7)]
  9806 | Lair:4   | 9806 ||| READING 3 scrolls of teleportation.
  9807 | Lair:4   | 9807 ||| DRINKING 2 potions of heal wounds.
  9955 | Lair:4   | 9955 ||| INVOKING Heroism.
  9979 | Lair:4   | 9979 ||| INVOKING Heroism.
 10305 | Lair:4   | 10305 ||| INVOKING Heroism.
 10373 | Lair:4   | 10373 ||| READING scroll labelled LIDIQU WY VECECW.
 10597 | Lair:3   | 10597 ||| INVOKING Heroism.
 10615 | Lair:3   | Reached ***** piety under Okawaru
 10636 | Lair:3   | 10636 ||| INVOKING Heroism.
 10806 | Lair:3   | 10806 ||| INVOKING Heroism.
 10817 | Lair:3   | Reached skill level 9 in Invocations
 10824 | Lair:3   | Reached skill level 16 in Ranged Weapons
 10839 | Lair:3   | Reached XP level 13. HP: 58/82 MP: 18/20
 11251 | Lair:3   | 11251 ||| INVOKING Heroism.
 11252 | Lair:3   | 11252 ||| INVOKING Finesse.
 11276 | Lair:3   | 11276 ||| INVOKING Heroism.
 11463 | Lair:3   | Found an ornate altar of the Wu Jian Council.
 11463 | Lair:3   | Found a hide-covered altar of Uskayaw.
 11464 | Lair:3   | 11464 ||| INVOKING Heroism.
 11465 | Lair:3   | 11465 ||| INVOKING Finesse.
 12075 | Lair:3   | 12075 ||| READING scroll labelled ZELEECS UDER.
 12173 | Lair:4   | 12173 ||| INVOKING Heroism.
 12287 | Lair:4   | 12287 ||| INVOKING Heroism.
 12565 | Lair:4   | 12565 ||| INVOKING Heroism.
 12591 | Lair:4   | Reached skill level 17 in Ranged Weapons
 12624 | Lair:4   | 12624 ||| INVOKING Heroism.
 12819 | Lair:4   | 12819 ||| INVOKING Heroism.
 12820 | Lair:4   | 12820 ||| Stepping ~*~*~tactically~*~*~ (outnumbered).
 12866 | Lair:4   | 12866 ||| INVOKING Heroism.
 12886 | Lair:4   | Reached skill level 6 in Dodging
 12897 | Lair:4   | 12897 ||| INVOKING Finesse.
 12907 | Lair:4   | HP: 19/84 [seven-headed hydra (3)]
 12908 | Lair:4   | 12908 ||| READING 4 scrolls of teleportation.
 12909 | Lair:4   | 12909 ||| DRINKING 2 potions of heal wounds.
 13071 | Lair:4   | 13071 ||| FLEEEEING.
 13072 | Lair:4   | 13072 ||| FLEEEEING.
 13073 | Lair:4   | 13073 ||| INVOKING Heroism.
 13344 | Lair:4   | Found the +12 pair of quick blades "Gyre" and "Gimble"
                  | {protect}
 13390 | Lair:4   | 13390 ||| INVOKING Heroism.
 13563 | Lair:5   | Entered Level 5 of the Lair of Beasts
 13563 | Lair:5   | Noticed qw's ghost (journeyman NaHu)
 13563 | Lair:5   | Found a runed translucent gate.
 13563 | Lair:5   | Found a runed translucent gate.
 13563 | Lair:5   | Found a runed translucent gate.
 13578 | Lair:5   | 13578 ||| INVOKING Heroism.
 13612 | Lair:5   | Noticed Urug
 13613 | Lair:5   | 13613 ||| INVOKING Heroism.
 13614 | Lair:5   | 13614 ||| INVOKING Finesse.
 13618 | Lair:5   | Killed Urug
 13662 | Lair:5   | 13662 ||| READING scroll of enchant armour.
 13662 | Lair:5   | 13662 ||| ENCHANTING +0 pair of gloves.
 13674 | Lair:5   | Found a runed translucent door.
 13675 | Lair:5   | Found a viscous altar of Jiyva.
 13678 | Lair:5   | Found a staircase to the Slime Pits.
 13679 | Lair:5   | Noticed an acid blob
 13745 | Lair:5   | 13745 ||| INVOKING Heroism.
 13908 | Lair:5   | 13908 ||| INVOKING Heroism.
 13928 | Lair:5   | Gained mutation: Your large and strong wings let you fly.
                  | [Gargoyle growth]
 13928 | Lair:5   | Reached XP level 14. HP: 90/90 MP: 21/21
 13958 | Lair:5   | 13958 ||| INVOKING Heroism.
 13965 | Lair:5   | Reached skill level 18 in Ranged Weapons
 14315 | Lair:5   | 14315 ||| INVOKING Heroism.
 14361 | Lair:5   | 14361 ||| INVOKING Heroism.
 14371 | Lair:5   | Reached skill level 12 in Fighting
 14396 | Lair:5   | Reached skill level 6 in Armour
 14396 | Lair:5   | 14396 ||| INVOKING Finesse.
 14428 | Lair:5   | 14428 ||| INVOKING Heroism.
 14501 | Lair:5   | 14501 ||| INVOKING Heroism.
 14619 | Lair:5   | 14619 ||| INVOKING Heroism.
 14925 | Lair:5   | 14925 ||| PLANNING D:1-11
 14925 | Lair:5   | 14925 ||| READING 7 scrolls of identify.
 14925 | Lair:5   | 14925 ||| IDENTIFYING fuming blue potion
 14926 | Lair:5   | 14926 ||| DROPPING potion of berserk rage.
 15108 | D:11     | Found a radiant altar of Vehumet.
 15180 | D:11     | Found a staircase to the Orcish Mines.
 15680 | D:11     | Identified the +10 shortbow "Omelette" {elec, *Corrode
                  | Str+3 Int+2 SInv}
 15681 | D:11     | 15681 ||| Stepping ~*~*~tactically~*~*~ (outnumbered).
 15683 | D:11     | 15683 ||| Stepping ~*~*~tactically~*~*~ (outnumbered).
 15725 | D:11     | 15725 ||| PLANNING D
 15734 | D:12     | 15734 ||| PLANNING GAUNTLET
 15763 | D:12     | 15763 ||| INVOKING Heroism.
 15770 | D:12     | 15770 ||| READING 3 scrolls of teleportation.
 15879 | D:12     | 15879 ||| READING scroll of enchant weapon.
 15879 | D:12     | 15879 ||| ENCHANTING +6 arbalest of draining.
 15909 | D:12     | 15909 ||| Stepping ~*~*~tactically~*~*~ (outnumbered).
 15910 | D:12     | 15910 ||| Stepping ~*~*~tactically~*~*~ (outnumbered).
 15920 | D:12     | 15920 ||| INVOKING Heroism.
 15928 | D:12     | 15928 ||| DRINKING 7 potions of curing.
 15928 | D:12     | 15928 ||| (to cure confusion)
 15929 | D:12     | 15929 ||| DRINKING 6 potions of curing.
 15929 | D:12     | 15929 ||| (to cure confusion)
 16053 | D:12     | 16053 ||| READING scroll of brand weapon.
 16053 | D:12     | 16053 ||| BRANDING +7 arbalest of draining.
 16054 | D:12     | 16054 ||| DROPPING +0 arbalest.
 16062 | D:12     | Found a gate leading to a gauntlet.
 16070 | Gauntlet | Entered a Gauntlet
 16070 | Gauntlet | Found a transporter.
 16070 | Gauntlet | Found a transporter.
 16075 | Gauntlet | Found a transporter.
 16090 | Gauntlet | Found a transporter.
 16104 | Gauntlet | Found a transporter.
 16118 | Gauntlet | Found a transporter.
 16134 | Gauntlet | Found a transporter.
 16200 | Gauntlet | Found a transporter.
 16216 | Gauntlet | Found a transporter.
 16230 | Gauntlet | Found a transporter.
 16244 | Gauntlet | Found a transporter.
 16263 | Gauntlet | Found a transporter.
 16336 | Gauntlet | Found a transporter.
 16352 | Gauntlet | Found a transporter.
 16374 | Gauntlet | Found a transporter.
 16384 | Gauntlet | Found a transporter.
 16423 | Gauntlet | 16423 ||| UPGRADING to +1 pair of boots of flying.
 16433 | Gauntlet | 16433 ||| DROPPING +0 pair of boots.
 16451 | Gauntlet | 16451 ||| INVOKING Heroism.
 16593 | Gauntlet | Identified the +1 pair of gloves of Amorality {Str+3}
 16595 | Gauntlet | 16595 ||| UPGRADING to +1 pair of gloves of Amorality
                  | {Str+3}.
 16605 | Gauntlet | 16605 ||| DROPPING +1 pair of gloves.
 16623 | Gauntlet | 16623 ||| INVOKING Heroism.
 16627 | Gauntlet | HP: 18/94 [spectral death yak (14)]
 16627 | Gauntlet | HP: 8/94 [spectral fire crab (3)]
 16628 | Gauntlet | 16628 ||| DRINKING 2 potions of heal wounds.
 16629 | Gauntlet | 16629 ||| DRINKING potion of heal wounds.
 16630 | Gauntlet | Mangled by a spectral boulder beetle

Levels and vault maps discovered:
D:1:      erik_arrival_triangle_huge, layout_basic,
          kennysheep_decorative_pillar, chequers_serial_rivers_small_a,
          minmay_indecisive_spiral
D:2:      layout_basic, basic_altar, chequers_ecumenical_altar_grove
D:3:      layout_basic, nicolae_overflow_ecumenical_swirl,
          nicolae_wu_jian_immortal_techniques, serial_shops,
          nicolae_shop_industrial_runoff, shop_coins, minmay_ogre_servants
D:4:      layout_rooms, nicolae_qazlal_eye_of_the_storm, general_overflow_altar,
          uniq_robin
D:5:      layout_cave_pools, jmf_multi_god_temple
D:6:      layout_gridville, minmay_temple_entry_gardened_gates
D:7:      layout_basic, mainiacjoe_overflow_chevrons, serial_rivers,
          chequers_serial_rivers_micro_c, chequers_serial_rivers_small_a,
          chequers_serial_rivers_micro_c, chequers_serial_rivers_large_b
D:8:      layout_rooms
D:9:      layout_loops_ring, led_sif_pool, mainiacjoe_overflow_six_doors_small,
          grunt_temple_overflow_lords_of_destruction
D:10:     layout_grid_maze, nicolae_hepliaklqana_monster_ancestors,
          ashenzari_altar_1, david_lair_shrubbed, uniq_erolcha
D:11:     layout_loops_ring, erik_orc_3, fiery_altar_vehumet
D:12:     layout_gridville, gauntlet_entry_generic, lemuel_flame_loot_1
Temple:   pf_slimified_temple
Lair:1:   layout_cave_pods, grunt_megastairs_2, serial_bayou_shore_a
Lair:2:   layout_hall_layers, elwin_shoals_entry_rocks, spider_nest_entry_a,
          uniq_erica
Lair:3:   layout_cave_shapes, nzn_masters_of_martial_movement,
          lemuel_fruit_tree, infiniplex_staircase_pool_2, grunt_megastairs_1
Lair:4:   regret_index_wax_grids, layout_cave_pods
Lair:5:   minmay_lair_end_enchanted_forest, layout_cave_pods, slime_entry_2,
          gammafunk_ghost_hydra_chop, chequers_serial_rivers_room_b,
          serial_bayou_lake_a, uniq_urug
Gauntlet: gammafunk_gauntlet_branching [gammafunk_gauntlet_arena_mazey,
          nicolae_gauntlet_arena_t_cross,
          gammafunk_gauntlet_arena_split_diamond, gammafunk_gauntlet_arena_grid,
          nicolae_gauntlet_arena_grate_2, nicolae_gauntlet_arena_flowing_pool,
          gammafunk_gauntlet_arena_hedges, gammafunk_gauntlet_arena_corners,
          nicolae_gauntlet_exit_dead_adventurers]

Skill      XL: |  1  2  3  4  5  6  7  8  9 10 11 12 13 14 |
---------------+-------------------------------------------+-----
Ranged Weapons | 5 6 7 8 10 11 13 15 16 17 18 | 18.0
Armour         | 1 2 3 4 5 6 |  6.6
Fighting       | 3 4 5 6 7 9 10 11 13 | 13.0
Dodging        | 2 3 4 5 6 7 |  7.0
Invocations    | 3 4 5 9 10 | 10.0
Stealth        | |  1.1

Action                     |  1- 3 |  4- 6 |  7- 9 | 10-12 | 13-15 || total
---------------------------+-------+-------+-------+-------+-------++-------
   Fire: Shortbow          |   113 |   132 |   187 |       |       ||   432
         Arbalest          |       |       |    53 |   453 |   608 ||  1114
 Invoke: Heroism           |       |       |     5 |    27 |    25 ||    57
         Finesse           |       |       |       |       |     5 ||     5
    Use: Scroll            |     5 |     6 |    14 |     4 |     7 ||    36
         Potion            |     1 |       |     2 |     1 |     5 ||     9
 Armour: Leather armour    |    10 |    26 |    54 |   228 |   266 ||   584
         Ring mail         |     7 |    18 |       |       |       ||    25
  Dodge: Dodged            |    31 |    51 |    67 |   321 |   493 ||   963

Table legend:
 A = Non-vault XP
 B = Vault XP
 C = Vault XP percentage of total XP
 D = Non-vault monster count
 E = Vault monster count
 F = Vault count percentage of total count
                 A         B        C        D         E       F
            +---------+---------+-------+---------+---------+-------
      Total |   47341 |   25676 |  35.2 |     339 |     159 |  31.9
            +---------+---------+-------+---------+---------+-------
        D:1 |      37 |       5 |  11.9 |      20 |       4 |  16.7
        D:2 |      62 |       0 |   0.0 |      19 |       0 |   0.0
        D:3 |      75 |     131 |  63.6 |      17 |       9 |  34.6
        D:4 |     391 |      38 |   8.9 |      16 |      13 |  44.8
        D:5 |     823 |      40 |   4.6 |      12 |       2 |  14.3
        D:6 |     629 |       0 |   0.0 |      19 |       0 |   0.0
        D:7 |     898 |       0 |   0.0 |       9 |       0 |   0.0
        D:8 |    1505 |       0 |   0.0 |      17 |       0 |   0.0
        D:9 |    3107 |      46 |   1.5 |      38 |       1 |   2.6
       D:10 |    2671 |    1215 |  31.3 |      20 |       4 |  16.7
       D:11 |    2892 |     558 |  16.2 |      12 |      13 |  52.0
       D:12 |    4821 |       0 |   0.0 |      20 |       0 |   0.0
     Lair:1 |    3839 |    1546 |  28.7 |      16 |       7 |  30.4
     Lair:2 |    2956 |    1477 |  33.3 |       8 |       4 |  33.3
     Lair:3 |    6341 |    2333 |  26.9 |      28 |       5 |  15.2
     Lair:4 |   10450 |    9301 |  47.1 |      46 |      51 |  52.6
     Lair:5 |    5844 |    7629 |  56.6 |      22 |      40 |  64.5
   Gauntlet |       0 |    1357 | 100.0 |       0 |       6 | 100.0
            +---------+---------+-------+---------+---------+-------
